 Dungeon Crawl Stone Soup version 0.27-a0-1324-ge0d8e047f6 (webtiles) character file.

Game seed: 7226789529937055976

584 Araneus the Cudgeller (level 7, -3/52 HPs)
             Began as a Demonspawn Fighter on June 23, 2021.
             Shot with an arrow by a centaur (12 damage)
             ... on level 5 of the Dungeon.
             The game lasted 00:11:04 (4972 turns).

Araneus the Cudgeller (Demonspawn Fighter)          Turns: 4972, Time: 00:11:05

Health: -3/52      AC: 13    Str: 18    XL:     7   Next: 14%
Magic:  7/7        EV:  2    Int: 13    God:
Gold:   350        SH: 14    Dex: 13    Spells: 6/6 levels left

rFire    . . .     SeeInvis .   a - +0 flail (flame)
rCold    . . .     Faith    .   c - +0 kite shield
rNeg     . . .     Spirit   .   n - +0 plate armour
rPois    .         Reflect  +   (helmet restricted)
rElec    .         Harm     .   (no cloak)
rCorr    .         Rampage  .   (no gloves)
Will     .....                  m - +1 pair of boots
Stlth    ..........             h - amulet of reflection
HPRegen  0.17/turn              (no ring)
MPRegen  0.10/turn              (no ring)

@: no status effects
A: horns 1, big brain 2, demonic magic 1
a: no special abilities


You were on level 5 of the Dungeon.
You visited 1 branch of the dungeon, and saw 5 of its levels.
You also visited: Ossuary.

You collected 360 gold pieces.
You spent 10 gold pieces at shops.

Inventory:

Hand Weapons
 a - a +0 flail of flaming (weapon)
Armour
 c - a +0 kite shield (worn)
 m - a +1 pair of boots (worn)
 n - a +0 plate armour (worn)
Jewellery
 h - an amulet of reflection (around neck)
Scrolls
 g - a scroll of fear {unknown}
 i - 2 scrolls of teleportation
 j - a scroll of blinking {unknown}
Potions
 b - 4 potions of flight {unknown}
 d - 3 potions of might
 e - 2 potions of curing
 f - 5 potions of brilliance
 k - 4 potions of heal wounds {unknown}
 l - a potion of cancellation {unknown}
 p - 3 potions of attraction {unknown}


   Skills:
 - Level 3.0 Fighting
 + Level 7.2 Maces & Flails
 - Level 2.6 Armour
 - Level 2.6 Shields


You had 6 spell levels left.
You didn't know any spells.
Your spell library was empty.

Dungeon Overview and Level Annotations

Branches:
Dungeon (5/15)            Ossuary (visited)
 Temple: D:4-7

Altars:
Dithmenos
Uskayaw
Zin

Shops:
D:4 !


Innate Abilities, Weirdness & Mutations

You have a pair of small horns on your head.
You have an extremely huge brain. (Int +4)
Spells you cast may paralyse adjacent enemies.


Message History

You block the black bear's attack. x2
The black bear claws you but does no damage.
You hit the black bear. You burn the black bear.
The black bear is almost dead.
The black bear bites you but does no damage.
You block the black bear's attack.
The black bear claws you but does no damage.
You hit the black bear. You burn the black bear. You headbutt the black bear.
You kill the black bear!
Your Maces & Flails skill increases to level 7!
You have reached level 7!
You start resting.
HP restored.
Found a stone staircase leading down.
Found a hunting sling.
You now have 350 gold pieces (gained 16).
A worm comes into view.
A centaur comes into view.
The centaur wields a +0 shortbow.
The centaur shoots an arrow.
You reflect the arrow off an invisible shield around you!
The arrow hits the centaur.
Found 24 gold pieces.
Found a stone staircase leading down.
The centaur shoots an arrow.
The arrow hits you!
The centaur shoots an arrow.
You reflect the arrow off an invisible shield around you!
The arrow hits the centaur!
You hit the worm. You burn the worm. Your headbutt misses the worm.
The worm is lightly wounded.
The centaur shoots an arrow.
The arrow hits you.
The centaur shoots an arrow.
The arrow hits you.
You sock the worm! You burn the worm.
You kill the worm!
The centaur shoots an arrow.
The arrow hits you but does no damage.
The centaur shoots an arrow.
The arrow hits you!
The centaur shoots an arrow.
The arrow hits you!
* * * LOW HITPOINT WARNING * * *
You are too injured to fight recklessly!
You are too injured to fight recklessly!
The centaur shoots an arrow.
The arrow hits you!
You die...

#.# #.# #.# #.#
######.##
##..#....### ####
###..†..###..##
##..#
#......>.###..###..#
....#.@.$..#
###.....# .#
#......# #.....#
#.c.....# ##.....#
#...$..## #......#
#......# #......##
#......# ##.......#
#......# #.......##
#.....## #.......#
#.......#


You could see a centaur.

Vanquished Creatures
  A black bear (D:5)
  A necrophage (D:4)
  A bullfrog (D:3)
  A scorpion (D:4)
  A bullfrog skeleton (D:4)
  9 mummies
  8 adders
  2 worms
  2 dart slugs
  An orc (D:3)
  4 bats (D:2)
  6 endoplasms
  7 giant cockroaches
  4 hobgoblins
  2 jackals (D:4)
  2 quokkas
  9 ball pythons
  2 frilled lizards
  3 goblins
  A hobgoblin zombie (Ossuary)
  7 kobolds
  2 kobold zombies (Ossuary)
  5 orc zombies (Ossuary)
  5 rats
86 creatures vanquished.

Notes
Turn   | Place    | Note
-------+----------+-------------------------------------------
     0 | D:1      | Araneus the Demonspawn Fighter began the quest for the Orb.
     0 | D:1      | Reached XP level 1. HP: 18/18 MP: 1/1
   147 | D:1      | Reached skill level 2 in Maces & Flails
   278 | D:1      | Found a faded altar of an unknown god.
   602 | D:1      | Gained mutation: Spells you cast may paralyse adjacent
                  | enemies. [demonic ancestry]
   602 | D:1      | Reached XP level 2. HP: 20/24 MP: 2/2
   922 | D:2      | Reached skill level 3 in Maces & Flails
   957 | D:2      | Reached XP level 3. HP: 29/29 MP: 3/3
  1443 | D:2      | Reached skill level 4 in Maces & Flails
  1443 | D:2      | Gained mutation: You have an unusually large brain. (Int
                  | +2) [demonic ancestry]
  1443 | D:2      | Reached XP level 4. HP: 34/35 MP: 4/4
  2157 | D:3      | Found a hide-covered altar of Uskayaw.
  2311 | D:3      | Noticed a bullfrog
  2770 | D:3      | Killed a bullfrog
  2771 | D:3      | Reached skill level 5 in Maces & Flails
  2771 | D:3      | Gained mutation: You have a pair of small horns on your
                  | head. [demonic ancestry]
  2771 | D:3      | Reached XP level 5. HP: 23/41 MP: 5/5
  3148 | D:4      | Found a sand-covered staircase.
  3173 | Ossuary  | Entered an ossuary
  3436 | Ossuary  | Gained mutation: You have an extremely huge brain. (Int +4)
                  | [demonic ancestry]
  3436 | Ossuary  | Reached XP level 6. HP: 47/47 MP: 6/6
  3452 | Ossuary  | Reached skill level 6 in Maces & Flails
  4164 | D:4      | Found a shadowy altar of Dithmenos.
  4549 | D:4      | Found Wakich's Distillery.
  4554 | D:4      | Bought a potion of degeneration for 10 gold pieces
  4673 | D:5      | Entered Level 5 of the Dungeon
  4732 | D:5      | Reached skill level 7 in Maces & Flails
  4732 | D:5      | Reached XP level 7. HP: 28/52 MP: 7/7
  4972 | D:5      | Shot with an arrow by a centaur

Illustrated notes

Levels and vault maps discovered:
D:1:      tarquinn_simple_flora_water_c, layout_basic,
          ebering_ecumenical_altar_hall, serial_glass, glass_columns_a,
          glass_columns_b, glass_columns_b, glass_columns_a, glass_columns_c,
          glass_columns_a
D:2:      layout_basic
D:3:      layout_basic, chequers_temple_overflow_statue_of_worship,
          chequers_serial_rivers_micro_b
D:4:      layout_basic, lemuel_crystal_altar, gup_ossuary_entry_pyramid,
          serial_shops, kennysheep_little_box, minmay_misc_feat_square
D:5:      layout_cave_pods, hangedman_decor_diamond_cutter

Skill      XL: |  1  2  3  4  5  6 |
---------------+-------------------+-----
Maces & Flails | 2 3 4 5 7 |  7.2
Fighting       | |  3.0
Armour         | |  2.6
Shields        | |  2.6

Action                   |  1- 3 |  4- 6 |  7- 9 || total
-------------------------+-------+-------+-------++-------
Melee: Flail             |   111 |   164 |     2 ||   277
       Headbutt          |       |    19 |       ||    19
  Use: Scroll            |       |     9 |       ||     9
       Potion            |       |     4 |       ||     4
 Stab: Invisible         |       |     1 |       ||     1
Armor: Scale mail        |    47 |    29 |       ||    76
       Plate armour      |       |    49 |     1 ||    50
Dodge: Dodged            |    27 |    25 |       ||    52
Block: Kite shield       |    85 |   124 |     2 ||   211
       Reflection        |     1 |       |     2 ||     3

Table legend: (Time is in decaauts)
 A = Elapsed time spent in this place.
 B = Non-inter-level travel time spent in this place.
 C = Inter-level travel time spent in this place.
 D = Time resting spent in this place.
 E = Time spent auto-exploring this place.
 F = Levels seen in this place.
 G = Mean time per level.
                   A        B        C        D        E       F      G
               +--------+--------+--------+--------+--------+-----+--------+
         Total |   5093 |   4907 |    186 |    886 |   3139 |   6 |  848.8 |
       Dungeon |   4296 |   4110 |    186 |    399 |   2972 |   5 |  859.2 |
       Ossuary |    797 |    797 |      0 |    487 |    167 |   1 |  797.0 |
               +--------+--------+--------+--------+--------+-----+--------+

Top non-repeatable levels by time:
     D:3: 1300 daAuts
     D:1: 923 daAuts
     D:2: 891 daAuts
     D:4: 878 daAuts
 Ossuary: 797 daAuts
     D:5: 302 daAuts
